 Dungeon Crawl Stone Soup version 0.19.4 (webtiles) character file.

1894 Jerry the Blocker (level 9, -2/64 HPs)
             Began as a Formicid Fighter on Feb 2, 2017.
             Slain by Edmund
             ... wielding a +4 dire flail of crushing
              (7 damage)
             ... on level 5 of the Dungeon.
             The game lasted 00:11:35 (5664 turns).

Jerry the Blocker (Formicid Fighter)                Turns: 5664, Time: 00:11:36

Health: -2/64      AC: 10    Str: 24    XL:     9   Next: 37%
Magic:  9/9        EV:  9    Int:  7    God:
Gold:   293        SH: 13    Dex: 11    Spells: 0 memorised, 8 levels left

rFire  . . .     SeeInvis +     a - +0 flail
rCold  . . .     Gourm    .     b - +0 scale mail
rNeg   + . .     Faith    .     c - +0 shield
rPois  .         Spirit   .     (helmet unavailable)
rElec  .         Reflect  +     (no cloak)
rCorr  .         Harm     .     s - +0 pair of gloves (curse)
MR     .....                    t - +0 pair of boots
Stlth  ..........               A - +2 amulet of reflection
                                (no ring)
                                u - ring of positive energy

@: no status effects
A: permanent stasis, dig shafts and tunnels, four strong arms, antennae 3
a: Dig, Shaft Self


You were on level 5 of the Dungeon.
You were hungry.

You visited 1 branch of the dungeon, and saw 5 of its levels.

You collected 293 gold pieces.

Inventory:

Hand Weapons
 a - a +0 flail (weapon)
Armour
 b - a +0 scale mail (worn)
 c - a +0 shield (worn)
 s - a cursed +0 pair of gloves (worn)
 t - a +0 pair of boots (worn)
Jewellery
 u - a ring of positive energy (left hand)
 A - a +2 amulet of reflection (around neck)
Wands
 z - a wand of teleportation (5/9)
Scrolls
 d - a scroll of fear {unknown}
 i - a scroll of enchant armour {unknown}
 l - 3 scrolls of magic mapping {unknown}
 m - 2 scrolls of enchant weapon {unknown}
 n - a scroll of amnesia {unknown}
 o - 2 scrolls of blinking {unknown}
 r - 9 scrolls of identify
 x - 3 scrolls of teleportation {unknown}
 y - 3 scrolls of remove curse {unknown}
 B - a scroll of immolation {unknown}
Potions
 e - a potion of degeneration {unknown}
 g - 2 potions of agility {unknown}
 h - a potion of lignification {unknown}
 j - 2 potions of heal wounds {unknown}
 k - a potion of curing {unknown}
 p - a potion of berserk rage {unknown}
 q - 2 potions of flight {unknown}
 v - a potion of haste {unknown}
 C - 2 potions of magic {unknown}
 F - a potion of cancellation {unknown}
Comestibles
 f - 3 bread rations
 w - 2 meat rations
 D - 7 fruits


   Skills:
 - Level 3.2 Fighting
 * Level 8.2 Maces & Flails
 + Level 7.1 Armour
 + Level 8.3 Shields


You had 8 spell levels left.
You didn't know any spells.

Dungeon Overview and Level Annotations

Branches:
Dungeon (5/15)
 Temple: D:4-7

Altars:
Trog
Yredelemnul
Zin

Annotations:
D:5 Edmund


Innate Abilities, Weirdness & Mutations

You are under a permanent stasis effect.
You can dig through walls and to a lower floor.
Your four strong arms can wield two-handed weapons with a shield.
You have a pair of large antennae on your head. (SInv)


Message History

You hit Edmund.
Edmund is heavily wounded.
You block Edmund's attack.
You hit Edmund.
Edmund is heavily wounded.
Edmund hits you with a dire flail of crushing!!
You hit Edmund.
Edmund is severely wounded.
Edmund hits you with a dire flail of crushing!
* * * LOW HITPOINT WARNING * * *
x2 You are too injured to fight recklessly!
You are too injured to fight recklessly!
Evoke which item? (* to show all) (? for menu, Esc to quit)
Okay, then.
You thump Edmund!
Edmund is almost dead.
You barely miss Edmund.
Edmund is almost dead.
Edmund hits you with a dire flail of crushing!
You die...

#.# #..# #.#...### #..#
#...... #..# #......
#####..### #.....♣♣
#......... #......♣
#.###..##. #....._♣
###.###..#.. #....@.♣
#.....#..... ###....@♣
###.....#.....
........♣##)........)...
###......####.....####..
#.#...### #.....####..
#.###.#.#####...>.##.#
#..............[..)<..
###.#.#.........#.##..
##.....####.###.##..
#####...## #.....####


You could see Edmund.

Vanquished Creatures
  Grinder (D:5)
  The ghost of Kiturien the Chopper, an amateur HOFi (D:4)
  Menkaure (D:4)
  Duvessa (D:5)
  2 phantoms
  3 ogres (D:5)
  Blork the orc (D:4)
  Dowan (D:5)
  2 scorpions (D:4)
  5 crimson imps
  A centaur zombie (D:5)
  A jelly (D:5)
  4 orc wizards
  Jessica (D:3)
  Natasha (thrice) (D:4)
  3 worker ants
  A howler monkey zombie (D:5)
  A gnoll (D:1)
  2 adders
  An adder zombie (D:5)
  6 worms
  5 leopard geckos
  19 orcs
  4 giant cockroaches
  5 goblins
  3 hobgoblins
  19 jackals
  5 quokkas
  7 bats
  8 frilled lizards
  8 kobolds
  15 rats
140 creatures vanquished.

Notes
Turn   | Place    | Note
-------+----------+-------------------------------------------
     0 | D:1      | Jerry the Formicid Fighter began the quest for the Orb.
     0 | D:1      | Reached XP level 1. HP: 18/18 MP: 1/1
    83 | D:1      | Reached XP level 2. HP: 24/24 MP: 2/2
   315 | D:1      | Reached XP level 3. HP: 27/29 MP: 3/3
  1019 | D:2      | Found a basalt altar of Yredelemnul.
  1206 | D:2      | Reached XP level 4. HP: 35/35 MP: 4/4
  1867 | D:3      | Noticed Jessica
  1873 | D:3      | Killed Jessica
  1873 | D:3      | Reached XP level 5. HP: 41/41 MP: 5/5
  2074 | D:3      | Reached skill level 5 in Shields
  2116 | D:3      | Reached XP level 6. HP: 43/47 MP: 6/6
  2932 | D:4      | Noticed Blork the orc
  2964 | D:4      | Killed Blork the orc
  2989 | D:4      | Noticed Natasha
  2997 | D:4      | Killed Natasha
  3162 | D:4      | Noticed Natasha
  3174 | D:4      | Killed Natasha
  3174 | D:4      | Reached XP level 7. HP: 36/52 MP: 7/7
  3308 | D:4      | Reached skill level 5 in Armour
  3344 | D:4      | Noticed Menkaure
  3354 | D:4      | Killed Menkaure
  3354 | D:4      | Reached skill level 5 in Maces & Flails
  3451 | D:4      | Found a bloodstained altar of Trog.
  3451 | D:4      | Noticed a moth of wrath
  3452 | D:4      | Noticed Natasha
  3477 | D:4      | Killed Natasha
  3853 | D:4      | Reached XP level 8. HP: 54/58 MP: 8/8
  3895 | D:4      | Noticed Kiturien's ghost (amateur HOFi)
  3904 | D:4      | Killed Kiturien's ghost
  4034 | D:5      | Entered Level 5 of the Dungeon
  4966 | D:5      | Reached XP level 9. HP: 30/64 MP: 9/9
  5154 | D:5      | Found a glowing silver altar of Zin.
  5315 | D:5      | Noticed Dowan
  5319 | D:5      | Noticed Duvessa
  5332 | D:5      | Killed Duvessa
  5336 | D:5      | Killed Dowan
  5454 | D:5      | Noticed Grinder
  5474 | D:5      | Killed Grinder
  5650 | D:5      | Noticed Edmund
  5664 | D:5      | Slain by Edmund

Skill      XL: |  1  2  3  4  5  6  7  8  9 |
---------------+----------------------------+-----
Shields        | 4 5 6 7 8 |  8.3
Maces & Flails | 3 4 5 7 8 |  8.2
Armour         | 4 5 6 7 |  7.1
Fighting       | |  3.2

Action                   |  1- 3 |  4- 6 |  7- 9 || total
-------------------------+-------+-------+-------++-------
Melee: Flail             |   121 |   221 |   308 ||   650
 Abil: Dig               |       |     1 |     2 ||     3
  Use: Scroll            |       |     1 |       ||     1
       Potion            |       |       |     1 ||     1
  Eat: Chunk             |     1 |     7 |     8 ||    16
Armor: Scale mail        |    66 |    71 |    62 ||   199
Dodge: Dodged            |    38 |    70 |    68 ||   176
Block: Shield            |    72 |   110 |   158 ||   340
       Reflection        |       |       |     1 ||     1
